 Dungeon Crawl Stone Soup version 0.32-a0-314-g526f7d4993 (webtiles) character file.

Game seed: 4768238786928714182

303 lunkers the Firebug (level 6, -4/45 HPs)
             Began as a Mountain Dwarf Fire Elementalist on Feb 15, 2024.
             Slain by Edmund
             ... wielding a +3 flail of holy wrath
              (6 damage)
             ... on level 4 of the Dungeon.
             The game lasted 00:07:27 (3491 turns).

lunkers the Firebug (MDFE)                          Turns: 3491, Time: 00:07:28

Health: -4/45      AC:  6    Str: 12    XL:     6   Next: 15%
Magic:  5/8        EV: 10    Int: 18    God:
Gold:   128        SH:  0    Dex: 10    Spells: 5/8 levels left

rFire   + . .        o - +7 quarterstaff "Suxt" {elec, Str+2 Stlth+}
rCold   . . .        (shield currently unavailable)
rNeg    . . .        q - +0 ring mail
rPois   .            n - +1 hat
rElec   .            (no cloak)
rCorr   .            (no gloves)
SInv    .            (no boots)
Will    .....        (no amulet)
Stlth   ++           d - ring of protection from fire
HPRegen 0.27/turn    (no ring)
MPRegen 0.11/turn

%: no passive effects
@: no status effects
A: runic magic, artefact enchanting
a: no special abilities


You were on level 4 of the Dungeon.
You visited 1 branch of the dungeon, and saw 4 of its levels.

You collected 128 gold pieces.

Inventory:

Hand Weapons
 i - a +2 dagger of flaming
 l - a +2 dagger of holy wrath
 o - the +7 quarterstaff "Suxt" (weapon) {elec, Str+2 Stlth+}
   (You took it off a kobold on level 3 of the Dungeon)

   Str+2:     It affects your strength (+2).
   Stlth+:    It makes you more stealthy.
Armour
 j - a +1 robe of resistance
 m - a +0 helmet
 n - a +1 hat (worn)
 q - a +0 ring mail (worn)
Jewellery
 d - a ring of protection from fire (left hand)
Scrolls
 a - 2 scrolls of identify {unknown}
 c - a scroll of immolation {unknown}
 e - 2 scrolls of teleportation
 p - a scroll of enchant armour {unknown}
Potions
 b - 3 potions of magic
 f - a potion of attraction {unknown}
 g - 2 potions of curing {unknown}
 h - 2 potions of enlightenment {unknown}
 k - a potion of invisibility {unknown}


   Skills:
 + Level 4.2 Staves
 - Level 1.3 Dodging
 - Level 1.4 Stealth
 - Level 1.7 Spellcasting
 - Level 0.8 Conjurations
 - Level 6.7 Fire Magic


You had 5 spell levels left.
You knew the following spells:

 Your Spells              Type           Power      Damage    Failure   Level
a - Foxfire               Conj/Fire      60%        2x1d7     4%          1
b - Scorch                Fire           52%        2d7       2%          2

Your spell library contained the following spells:

 Spells                   Type           Power      Damage    Failure   Level
 Inner Flame              Hex/Fire       13%        N/A       17%         3
 Volatile Blastmotes      Fire/Tloc      26%        2d12      17%         3
 Lesser Beckoning         Tloc           2%         N/A       34%         2
 Flame Wave               Conj/Fire      15%        2d7       43%         4
 Gell's Gravitas          Tloc           1%         N/A       56%         3
 Teleport Other           Tloc           1%         N/A       56%         3


Dungeon Overview and Level Annotations

Branches:
Dungeon (4/15)
 Temple: D:4-7

Altars:
Elyvilon
Fedhas
Wu Jian

Annotations:
D:4 Edmund


Innate Abilities, Weirdness & Mutations

Your spellcasting is much less encumbered by armour.
You can use scrolls of enchantment on lesser artefacts.


Message History

Edmund is lightly wounded.
Edmund hits you with a +3 flail of holy wrath.
You hit Edmund but do no damage.
Edmund is lightly wounded.
Edmund closely misses you.
Unknown command.
You sock Edmund! Lightning courses through Edmund!
Edmund is heavily wounded.
The endoplasm hits you but does no damage.
Edmund hits you with a +3 flail of holy wrath.
Unknown command.
You hit Edmund but do no damage.
Edmund is heavily wounded.
Edmund barely misses you. The endoplasm freezes you.
You are frozen.
* * * LOW HITPOINT WARNING * * *
Your magical contamination has completely faded away.
You closely miss Edmund.
Edmund is heavily wounded.
Edmund hits you with a +3 flail of holy wrath.
* * * LOW HITPOINT WARNING * * *
The endoplasm freezes you.
You are frozen.
* * * LOW HITPOINT WARNING * * *
You hit Edmund.
Edmund is heavily wounded.
The endoplasm freezes you.
You are frozen.
* * * LOW HITPOINT WARNING * * *
Edmund hits you with a +3 flail of holy wrath.
* * * LOW HITPOINT WARNING * * *
Edmund hits you with a +3 flail of holy wrath.
* * * LOW HITPOINT WARNING * * *
The endoplasm closely misses you.
You closely miss Edmund.
Edmund is heavily wounded.
Edmund hits you with a +3 flail of holy wrath.
You die...
Edmund says, "That'll show my brother!"

#.# #......# ..#
#.)....# # #..##..#
#.#####..##..#
...##..##..# #
#.#..####..
#.##....# ...
..##...J#######....
#......@.......
.......@#######
......#..
..........
#..........
#.###...#### #.
...# ....#


You could see Edmund and an endoplasm.

Vanquished Creatures
  Eustachio (D:4)
  A jelly (D:4)
  7 dart slugs
  A ribbon worm (D:3)
  4 orcs (D:3)
  5 ball pythons
  3 bats
  8 endoplasms
  A giant cockroach (D:2)
  5 goblins
  2 hobgoblins
  3 jackals (D:1)
  8 kobolds
  A quokka (D:3)
  7 frilled lizards
  5 rats
62 creatures vanquished.

Vanquished Creatures (others)
  A butterfly (D:3)
  45 foxfires
46 creatures vanquished.

Grand Total: 108 creatures vanquished

Notes
Turn   | Place    | Note
-------+----------+-------------------------------------------
     0 | D:1      | lunkers the Mountain Dwarf Fire Elementalist began the
                  | quest for the Orb.
     0 | D:1      | Reached XP level 1. HP: 14/14 MP: 3/3
    20 | D:1      | Reached skill level 4 in Fire Magic
    29 | D:1      | Reached XP level 2. HP: 11/20 MP: 0/4
   452 | D:1      | Reached skill level 5 in Fire Magic
   454 | D:1      | Reached XP level 3. HP: 24/26 MP: 0/5
   457 | D:1      | Learned a level 2 spell: Scorch
  1668 | D:2      | Reached skill level 6 in Fire Magic
  1668 | D:2      | Reached XP level 4. HP: 33/33 MP: 3/6
  2104 | D:2      | Found a faded altar of an unknown god.
  2499 | D:3      | Found an ornate altar of the Wu Jian Council.
  2706 | D:3      | Found a white marble altar of Elyvilon.
  2986 | D:3      | Identified the +7 quarterstaff "Suxt" {elec, Str+2 Stlth+}
  3198 | D:3      | Found a blossoming altar of Fedhas.
  3330 | D:4      | Noticed Eustachio
  3342 | D:4      | Reached skill level 1 in Staves
  3342 | D:4      | Reached XP level 5. HP: 25/38 MP: 0/7
  3351 | D:4      | Killed Eustachio
  3352 | D:4      | Reached XP level 6. HP: 19/45 MP: 0/8
  3478 | D:4      | Noticed Edmund
  3490 | D:4      | HP: 2/45 [Edmund/+3 flail of holy wrath (4)]
  3491 | D:4      | Slain by Edmund

Illustrated notes

Levels and vault maps discovered:
D:1:      tarquinn_simple_flora_water_b, layout_basic, hangedman_decor_push,
          minmay_cupped
D:2:      layout_loops_cross, ebering_ecumenical_altar_abandoned,
          minmay_misc_feat_diagonals, grunt_decor_cap
D:3:      layout_loops_ring, nzn_wu_jian_contemplation,
          nicolae_elyvilon_peaceful_grove, fedhas_altar_1, nicolae_the_louvre
D:4:      layout_loops_ring, nemelex_xobeh_ov_fountains_minmay,
          serial_park_tiny_pond, chequers_serial_rivers_large_b,
          serial_library_hellmonk_h_bend, st_stairs_8, uniq_edmund,
          uniq_eustachio

Skill      XL: |  1  2  3  4  5 |
---------------+----------------+-----
Fire Magic     | 4 5 6 |  6.7
Staves         | 1 4 |  4.2
Dodging        | |  1.3
Stealth        | |  1.4
Spellcasting   | |  1.7
Conjurations   | |  0.8

Action                     |  1- 3 |  4- 6 || total
---------------------------+-------+-------++-------
  Melee: Unarmed           |    18 |       ||    18
         Dagger            |       |    18 ||    18
         Quarterstaff      |       |    19 ||    19
   Cast: Foxfire           |    36 |     1 ||    37
         Scorch            |    12 |    27 ||    39
    Use: Scroll            |       |     4 ||     4
 Armour: Robe              |    28 |     3 ||    31
         Ring mail         |       |    29 ||    29
  Dodge: Dodged            |    19 |    19 ||    38

Table legend: (Time is in decaauts)
 A = Elapsed time spent in this place.
 B = Non-inter-level travel time spent in this place.
 C = Inter-level travel time spent in this place.
 D = Time resting spent in this place.
 E = Time spent auto-exploring this place.
 F = Levels seen in this place.
 G = Mean time per level.
                   A        B        C        D        E       F      G
               +--------+--------+--------+--------+--------+-----+--------+
         Total |   3492 |   3396 |     96 |     49 |   2887 |   4 |  873.0 |
       Dungeon |   3492 |   3396 |     96 |     49 |   2887 |   4 |  873.0 |
               +--------+--------+--------+--------+--------+-----+--------+

Top non-repeatable levels by time:
     D:1: 1420 daAuts
     D:2: 974 daAuts
     D:3: 934 daAuts
     D:4: 163 daAuts
